 Dungeon Crawl Stone Soup version 0.22-a0-362-g535178c (webtiles) character file.

37 Kairos the Skirmisher (level 3, 19/19 HPs)
             Began as a Vine Stalker Fighter on Apr 19, 2018.
             Got out of the dungeon alive.
             The game lasted 00:00:55 (1105 turns).

Kairos the Skirmisher (Vine Stalker Fighter)        Turns: 1105, Time: 00:00:56

Health: 19/19      AC:  6    Str: 19    XL:     3   Next: 39%
Magic:  4/4        EV:  7    Int:  8    God:
Gold:   24         SH:  9    Dex: 13    Spells: 2/2 levels left

rFire    . . .     SeeInvis .   a - +0 war axe
rCold    . . .     Gourm    .   c - +0 shield
rNeg     . . .     Faith    .   b - +0 scale mail
rPois    .         Spirit   +   (no helmet)
rElec    .         Reflect  .   (no cloak)
rCorr    .         Harm     .   (no gloves)
MR       .....                  (no boots)
Stlth    ..........             (no amulet)
HPRegen  0.06/turn              (no ring)
MPRegen  0.09/turn              (no ring)

@: no status effects
A: fangs 2, magic shield, antimagic bite, no potion heal 3, rot immunity
a: no special abilities


You escaped.
You were hungry.

You visited 1 branch of the dungeon, and saw 1 of its levels.

You collected 24 gold pieces.

Inventory:

Hand Weapons
 a - a +0 war axe (weapon)
Armour
 b - a +0 scale mail (worn)
 c - a +0 shield (worn)
Scrolls
 h - a scroll of amnesia
Potions
 d - a potion of might
 g - 2 potions of brilliance
Comestibles
 f - 3 rations


   Skills:
 + Level 2.9 Fighting
 + Level 2.5 Axes
 + Level 2.8 Armour
 + Level 2.9 Shields


You had 2 spell levels left.
You didn't know any spells.

Dungeon Overview and Level Annotations

Branches:
Dungeon (1/15)

Altars:


Innate Abilities, Weirdness & Mutations

You have extremely sharp teeth.
When hurt, damage is shared between your health and your magic reserves.
Your bite disrupts and absorbs the magic of your enemies.
Potions cannot restore your health.
You are immune to rotting.


Message History

You are feeling hungry.
There is an open door here.
There is an open door here.
You see here a dagger.
You see here a club.
There is an open door here.
You open the door.
There is an open door here.
There is an open door here.
There is a staircase leading out of the dungeon here.
As you read the scroll labeled GEIRUBL AJOK, it crumbles to dust.
It is a scroll of amnesia.
You feel forgetful for a moment.
As you read the scroll labeled XIULEI TIEFA, it crumbles to dust.
You feel blessed for a moment.
It was a scroll of remove curse.
As you read the scroll labeled HIAF UKKONKURCH, it crumbles to dust.
It is a scroll of identify.
g - 2 potions of brilliance Are you sure you want to leave the Dungeon?
This will make you lose the game!
You have escaped!

##.......## ##..#.#
#...##. ##.....##
###'### ####.#.#.# #
##...## ##≈♣.♣≈##
#..>....## # ##'##
#≈≈♣.♣≈≈# #.##.##.#
# #.# #≈≈♣.♣≈≈#
#.##.##.## # #)#
#≈♣...♣≈# #.##.##.#.
# ##.## ♣.....♣#
#.##......
####...#### #.#.#.#
#.#####.#.
#.........# ###@###
#.# #.##
#.##...##.##########
#.#####.##
#.###..............#
#.......#
#.###.###.##########
#########
.......##.#
#.###.###.#
#.........#
#########
#####.#####
#.......# #.##.##
#.#####.#


There were no monsters in sight!

Vanquished Creatures
  2 oozes (D:1)
  A dart slug (D:1)
  A leopard gecko (D:1)
  5 bats (D:1)
  A giant cockroach (D:1)
  2 goblins (D:1)
  2 hobgoblins (D:1)
  4 jackals (D:1)
  4 kobolds (D:1)
  A rat (D:1)
23 creatures vanquished.

Notes
Turn   | Place    | Note
-------+----------+-------------------------------------------
     0 | D:1      | Kairos the Vine Stalker Fighter began the quest for the Orb.
     0 | D:1      | Reached XP level 1. HP: 11/11 MP: 2/2
    71 | D:1      | Reached XP level 2. HP: 12/16 MP: 3/3
   539 | D:1      | Reached XP level 3. HP: 13/19 MP: 2/4
  1105 | D:$      | Got out of the dungeon alive.

Vault maps used:
D:1:      saegor_arrival_simple_d

Skill      XL: |  1  2 |
---------------+-------+-----
Axes           | 2 |  2.5
Fighting       | |  2.9
Armour         | |  2.8
Shields        | |  2.9

Action                   || total
-------------------------++-------
Melee: War axe           ||    64
       Bite              ||    16
  Use: Scroll            ||     3
Armor: Scale mail        ||    37
Dodge: Dodged            ||    23
Block: Shield            ||    23

Table legend:
 A = Spawn XP
 B = Non-spawn XP
 C = Spawn XP percentage of total XP
 D = Spawn monster count
 E = Non-spawn monster count
 F = Spawn count percentage of total count
 G = Total turns spent on level
                    A         B        C        D         E        F      G
               +---------+---------+-------+---------+---------+-------+---------
         Total |       0 |      53 |   0.0 |       0 |      23 |   0.0 |  1105
               +---------+---------+-------+---------+---------+-------+---------
           D:1 |       0 |      53 |   0.0 |       0 |      23 |   0.0 |  1105
               +---------+---------+-------+---------+---------+-------+---------
